 Dungeon Crawl Stone Soup version 0.17-a0-1382-gc46a074 (webtiles) character file.

7070 Volodja the Brawler (level 10, -8/88 HPs)
             Began as a Troll Monk on June 15, 2015.
             Mangled by Snorg (22 damage)
             ... on level 3 of the Lair of Beasts.
             The game lasted 00:25:03 (6742 turns).

Volodja the Brawler (Troll Monk)                    Turns: 6742, Time: 00:25:03

Health: -8/88      AC:  6    Str: 21    XL:     10   Next: 83%
Magic:  9/9        EV: 11    Int:  6    God:
Gold:   544        SH:  0    Dex: 15    Spells: 0 memorised, 9 levels left

rFire  + . .     SeeInvis .       - Unarmed
rCold  . . .     Clarity  .     a - +0 robe
rNeg   . . .     SustAt   .     (no shield)
rPois  .         Gourm    +     s - +1 hat
rElec  .         Spirit   .     (no cloak)
rCorr  .         Warding  .     (gloves unavailable)
rMut   .         Stasis   .     (boots unavailable)
MR     .....                    i - amulet of regeneration
Stlth  ++........               W - ring of fire
                                g - ring of protection from cold

@: not resistant to hostile enchantments, unstealthy
A: unfitting armour, claws 3, fast metabolism 3, gourmand, regeneration 2,
shaggy fur 1, tough skin 2
a: no special abilities


You were on level 3 of the Lair of Beasts.
You were full.

You visited 2 branches of the dungeon, and saw 11 of its levels.
You also visited: Ossuary.

You collected 544 gold pieces.

Inventory:

Armour
 a - a +0 robe (worn)
 s - a +1 hat (worn)
Jewellery
 g - a ring of protection from cold (left claw)
 i - an amulet of regeneration (around neck)
 o - an uncursed ring of wizardry
 H - an uncursed ring of ice
 W - a ring of fire (right claw)
Magical devices
 B - a wand of slowing (32)
 J - a wand of confusion (24)
 N - a wand of draining (5)
 T - a wand of enslavement (15)
 X - a wand of magic darts (15)
Scrolls
 c - 11 scrolls of remove curse {unknown}
 h - a scroll of fog {unknown}
 j - 2 scrolls of amnesia {unknown}
 l - a scroll of magic mapping {unknown}
 m - 3 scrolls of identify
 n - 3 scrolls of noise {unknown}
 r - 2 scrolls of fear {unknown}
 t - 3 scrolls of immolation {unknown}
 w - 2 scrolls of random uselessness {unknown}
 y - a scroll of holy word {unknown}
 A - 2 scrolls of teleportation
 E - a scroll of torment {unknown}
 L - 2 scrolls of enchant weapon {unknown}
 O - 2 scrolls of enchant armour {unknown}
 P - a scroll of brand weapon {unknown}
 Q - 2 scrolls of recharging {unknown}
Potions
 e - 2 potions of resistance
 f - 3 potions of haste
 k - 3 potions of flight
 v - a potion of ambrosia
 z - 4 potions of brilliance
 C - 2 potions of magic
 D - 2 potions of might
 K - 2 potions of cure mutation
 S - a potion of lignification
 U - a potion of agility
 V - a potion of invisibility
Comestibles
 b - 7 bread rations
 d - 2 slices of pizza
 p - a royal jelly
 q - a beef jerky
 x - 4 meat rations
 Y - a fruit


   Skills:
 - Level 2.4 Fighting
 + Level 2.6 Dodging
 - Level 1.1 Stealth
 - Level 16.0 Unarmed Combat


You had 9 spell levels left.
You didn't know any spells.

Dungeon Overview and Level Annotations

Branches:
Dungeon (8/15)             Temple (0/1) D:4            Lair (3/8) D:8
  Swamp: Lair:3-6    Shoals: Lair:3-6     Snake: Lair:3-6    Spider: Lair:3-6

Altars:
Ashenzari
Elyvilon
Fedhas
Kikubaaqudgha
Sif Muna
Zin
The Shining One

Shops:
D:6 *}   D:8 %

Annotations:
Lair:3 Snorg


Innate Abilities, Weirdness & Mutations

You are too large for most types of armour.
You have claws for hands.
Your metabolism is lightning-fast.
You like to eat raw meat.
You heal very quickly.
You are covered in fur (AC +1).
You have very tough skin (AC +2).


Message History

Found 20 bolts.
r - 2 scrolls labeled EROHOFUPPO (gained 1)
A crocodile and Snorg come into view.
Snorg shouts!
Found one item.
A giant frog comes into view.
The giant frog gives a loud, deep croak!
Snorg opens the door.
You claw Snorg!
Snorg begins to bleed from his wounds!
Snorg is lightly wounded.
You scratch Snorg.
Snorg is lightly wounded.
Snorg goes berserk!
You mangle the giant frog!!
You kill the giant frog!
Snorg barely misses you. Snorg claws you! Snorg claws you! Snorg bites you!
Snorg claws you!! Snorg closely misses you. Snorg bites you!
* * * LOW HITPOINT WARNING * * *
Snorg barely misses you. Snorg claws you!!
You die...

......###.#####..###.#
..................$...
.....................
.....................
.....P###.##.....###
#.......####.....#
.......<..##.....##
..........T.......####
.....##..@#......+....
#... #....'.....#.#..
#.. ##.#.##......# #
#. .#....#.......# #
<.............####
..............#....
.....................
...".................
..........(........


You could see Snorg (berserk).

Vanquished Creatures
  The ghost of Uberwunderbarhen the Transmogrifier, an experienced OpTm of Vehumet (D:8)
  Pikel (D:6)
  4 spiny frogs
  A komodo dragon (Lair:2)
  A two-headed ogre (D:8)
  2 fire drakes
  9 yaks
  Menkaure (D:6)
  A hippogriff (D:7)
  2 water moccasins (Lair:2)
  An ice beast (D:7)
  A phantom (D:6)
  A slave (D:6)
  A sky beast (D:3)
  2 ogres
  A crocodile (Lair:2)
  2 centaurs
  3 giant frogs
  4 water moccasin zombies
  3 scorpions
  A crimson imp (D:8)
  6 orc wizards
  2 hounds (D:7)
  2 orc priests
  3 giant frog skeletons
  10 worker ants
  2 iguanas
  Terence (D:2)
  5 big kobold zombies (Ossuary)
  2 mummies (Ossuary)
  11 adders
  2 oozes
  An adder skeleton (D:8)
  6 adder zombies (Ossuary)
  2 worms
  6 giant geckos
  19 orcs
  3 bat skeletons
  3 gnoll zombies (Ossuary)
  8 goblins
  13 hobgoblins
  7 jackals (D:6)
  A quokka (D:3)
  5 bats
  8 giant cockroaches
  A giant gecko skeleton (D:5)
  2 giant gecko zombies
  5 giant newts
  7 hobgoblin zombies (Ossuary)
  12 kobolds
  4 kobold zombies (Ossuary)
  4 orc zombies (Ossuary)
  14 rats
  A plant (Lair:2)
221 creatures vanquished.

Vanquished Creatures (others)
  A bat (D:6)
  A plant (Lair:1)
2 creatures vanquished.

Grand Total: 223 creatures vanquished

Notes
Turn   | Place    | Note
--------------------------------------------------------------
     0 | D:1      | Volodja the Troll Monk began the quest for the Orb.
     0 | D:1      | Reached XP level 1. HP: 22/22 MP: 0/0
   264 | D:1      | Reached XP level 2. HP: 25/29 MP: 1/1
   584 | D:1      | You fall through a shaft!
   727 | D:2      | Reached skill level 5 in Unarmed Combat
   727 | D:2      | Reached XP level 3. HP: 36/36 MP: 2/2
   839 | D:2      | Noticed Terence
   848 | D:2      | Killed Terence
   871 | D:2      | Reached XP level 4. HP: 39/44 MP: 3/3
  1213 | D:3      | Reached skill level 6 in Unarmed Combat
  1227 | D:3      | Reached XP level 5. HP: 20/50 MP: 4/4
  1811 | D:3      | Reached skill level 7 in Unarmed Combat
  1870 | D:3      | Noticed a sky beast
  1881 | D:3      | Killed a sky beast
  1881 | D:3      | Reached XP level 6. HP: 51/59 MP: 5/5
  2531 | D:4      | Reached skill level 8 in Unarmed Combat
  2647 | D:4      | Found a staircase to the Ecumenical Temple.
  3212 | D:5      | Entered Level 5 of the Dungeon
  3264 | D:5      | Reached XP level 7. HP: 55/66 MP: 6/6
  3603 | D:5      | Reached skill level 9 in Unarmed Combat
  4316 | D:6      | Found Tacuoqy's Assorted Antiques.
  4333 | D:6      | Found Quth's Gadget Boutique.
  4402 | D:6      | Noticed Menkaure
  4409 | D:6      | Killed Menkaure
  4409 | D:6      | Reached skill level 10 in Unarmed Combat
  4409 | D:6      | Reached XP level 8. HP: 25/74 MP: 7/7
  4591 | D:6      | Noticed Pikel
  4607 | D:6      | Killed Pikel
  4607 | D:6      | Reached skill level 11 in Unarmed Combat
  4797 | D:7      | Found a sand-covered staircase.
  4830 | Ossuary  | Entered an ossuary
  4907 | Ossuary  | Reached skill level 12 in Unarmed Combat
  4961 | Ossuary  | Reached XP level 9. HP: 60/80 MP: 8/8
  5242 | D:7      | Found a deep blue altar of Sif Muna.
  5422 | D:7      | Found a blossoming altar of Fedhas.
  5559 | D:7      | Found an ancient bone altar of Kikubaaqudgha.
  5690 | D:8      | Found a glowing golden altar of the Shining One.
  5691 | D:8      | Found a white marble altar of Elyvilon.
  5692 | D:8      | Found a glowing silver altar of Zin.
  5707 | D:8      | Reached skill level 13 in Unarmed Combat
  5762 | D:8      | Found a shattered altar of Ashenzari.
  5763 | D:8      | Noticed Uberwunderbarhen's ghost (experienced OpTm)
  5856 | D:8      | Killed Uberwunderbarhen's ghost
  5856 | D:8      | Reached skill level 14 in Unarmed Combat
  5903 | D:8      | Noticed a fire drake
  5907 | D:8      | Found a staircase to the Lair.
  5917 | D:8      | Killed a fire drake
  5937 | D:8      | Found Pumpufe's Food Shop.
  5972 | Lair:1   | Entered Level 1 of the Lair of Beasts
  6030 | Lair:1   | Noticed a spiny frog
  6039 | Lair:1   | Killed a spiny frog
  6039 | Lair:1   | Reached XP level 10. HP: 58/88 MP: 9/9
  6290 | Lair:2   | Reached skill level 15 in Unarmed Combat
  6564 | Lair:2   | HP: 2/88 [blink frog (12)]
  6710 | Lair:3   | Reached skill level 16 in Unarmed Combat
  6725 | Lair:3   | Noticed Snorg
  6742 | Lair:3   | Mangled by Snorg

Vault maps used:
D:1:      nicolae_arrival_washed_ashore, grunt_decor_fettered, minivault_4
D:2:      uniq_terence
D:4:      minmay_temple_entry_purple_smoke
D:5:      first_bread
D:6:      serial_shops, nicolae_shop_crystal, nicolae_shop_waterfront,
          uniq_pikel, uniq_menkaure
D:7:      nicolae_overflow_hidden_temple, lemuel_crystal_altar,
          nicolae_ossuary_entry_monument
D:8:      good_gods_temple_1, evilmike_ruin_ashenzari, minmay_lair_entry_lava,
          serial_shops, shop, shop_statue, shop, shop
Lair:1:   wad_woods_road_05, lemuel_fruit_fields
Lair:2:   serial_bayou_pond_b, serial_bayou_pond_b, uniq_erica
Lair:3:   uniq_snorg, uniq_gastronok, uniq_urug
Ossuary:  ossuary_tomb_2

Action                   |  1- 3 |  4- 6 |  7- 9 | 10-12 || total
-------------------------+-------+-------+-------+-------++-------
Melee: Unarmed           |    57 |   184 |   319 |   101 ||   661
Throw: Large rock        |       |       |    23 |    13 ||    36
  Use: Scroll            |       |       |    15 |     1 ||    16
       Potion            |       |       |       |     2 ||     2
 Stab: Sleeping          |       |     2 |     7 |       ||     9
       Distracted        |       |     1 |       |       ||     1
  Eat: Chunk             |    13 |    22 |    25 |     6 ||    66
